 Dungeon Crawl Stone Soup version 0.28.0 (webtiles) character file.

Game seed: 4538333927291864741

47 zeram the Sneak (level 3, 0/21 HPs)
             Began as an Octopode Enchanter on Feb 5, 2022.
             Succumbed to an adder's poison
             ... on level 2 of the Dungeon.
             The game lasted 00:01:51 (1867 turns).

zeram the Sneak (Octopode Enchanter)                Turns: 1867, Time: 00:01:52

Health: 0/21       AC:  1    Str:  7    XL:     3   Next: 70%
Magic:  6/6        EV: 13    Int: 19    God:
Gold:   43         SH:  0    Dex: 12    Spells: 6/6 levels left

rFire   . . .      SeeInvis .   a - +1 dagger
rCold   . . .      Faith    .   (no shield)
rNeg    . . .      Spirit   .   (helmet restricted)
rPois   .          Reflect  .   (no amulet)
rElec   .          Harm     .   (no ring)
rCorr   .          Rampage  .   (no ring)
Will    .....      Clarity  +   (no ring)
Stlth   ++++......              (no ring)
HPRegen 0.07/turn               (no ring)
MPRegen 0.10/turn               (no ring)
                                (no ring)
                                (no ring)

@: lethally poisoned (0 -> -2)
A: almost no armour, amphibious, 8 rings, camouflage 1, gelatinous body 1,
(nimble swimmer 1), tentacles, clarity, MP-powered wands
a: no special abilities


You were on level 2 of the Dungeon.
You visited 1 branch of the dungeon, and saw 2 of its levels.

You collected 43 gold pieces.

Inventory:

Hand Weapons
 a - a +1 dagger (weapon)
Jewellery
 g - a +6 ring of dexterity
Scrolls
 f - a scroll of brand weapon {unknown}
 h - a scroll of fear {unknown}
Potions
 b - a potion of invisibility
 c - a potion of heal wounds {unknown}
 e - a potion of brilliance {unknown}


   Skills:
 + Level 1.2 Short Blades
 + Level 2.1 Dodging
 + Level 5.3 Stealth
 + Level 2.4 Spellcasting
 + Level 3.2 Hexes


You had 6 spell levels left.
You didn't know any spells.
Your spell library contained the following spells:

 Spells                   Type           Power      Damage    Failure   Level
 Ensorcelled Hibernation  Hex/Ice        16%        N/A       13%         2
 Confusing Touch          Hex            14%        N/A       13%         3
 Tukima's Dance           Hex            14%        N/A       13%         3
 Dazzling Flash           Conj/Hex       16%        N/A       26%         3


Dungeon Overview and Level Annotations

Branches:
Dungeon (2/15)

Altars:
Kikubaaqudgha

Shops:
D:1 (   D:2 (


Innate Abilities, Weirdness & Mutations

You cannot wear most types of armour.
You are amphibious.
You can wear up to eight rings at the same time.
Your skin changes colour to match your surroundings (Stealth+).
Your rubbery body absorbs attacks. (AC +1, EV +1)
((You are camouflaged when in or above water. (Stealth+)))
You have tentacles for arms and can constrict up to eight enemies at once.
You possess an exceptional clarity of mind.
You expend magic power (3 MP) to strengthen your wands.


Message History

Found a stone staircase leading down.
You see here a worm corpse.
An adder comes into view.
An adder is nearby!
An adder is nearby!
An adder is nearby!
The adder bites you.
You are poisoned.
The adder poisons you! The adder closely misses you.
You hit the adder. Your grab misses the adder.
Your tentacle-slap misses the adder.
The adder is lightly wounded.
You feel sick. The adder bites you.
You are more poisoned.
The adder poisons you!
You closely miss the adder. You grab the adder.
The adder is lightly wounded.
You constrict the adder.
You feel sick. The adder barely misses you.
You hit the adder. You squeeze the adder.
The adder is heavily wounded.
You constrict the adder.
You feel sick. The adder barely misses you.
You barely miss the adder.
The adder is severely wounded.
You constrict the adder.
You feel sick. The adder closely misses you. The adder bites you.
* * * LOW HITPOINT WARNING * * *
You hit the adder but do no damage.
The adder is severely wounded.
You constrict the adder.
You feel sick. The adder bites you.
* * * LOW HITPOINT WARNING * * *
You hit the adder. Your squeeze misses the adder.
The adder is almost dead.
You constrict the adder.
You kill the adder!
* * * LOW HITPOINT WARNING * * *
You feel sick.
It was a potion of mutation.
You feel extremely strange.
Your thoughts seem clearer.
You feel your magical essence link to the dungeon's wands.
You die...

#.# #.# #.#####.#
#.......## ####.#...##
.# #.^....## .#
#.......# ..# #.......#
# ..# #.......#
#.####..# ##......##
#.†@....#
###.......#######...####
.......................+
###...#.#.#######...####
##..#.#.# ##..# ##.#.#.#
#.# #)#.#.# .# #.....#
.# ###.### .#


There were no monsters in sight!

Vanquished Creatures
  An adder (D:2)
  A worm (D:2)
  A dart slug (D:1)
  7 endoplasms
  A giant cockroach (D:1)
  2 goblins
  2 hobgoblins (D:1)
  A quokka (D:1)
  A ball python (D:1)
  5 bats
  5 frilled lizards
  3 kobolds
  2 rats
32 creatures vanquished.

Notes
Turn   | Place    | Note
-------+----------+-------------------------------------------
     0 | D:1      | zeram the Octopode Enchanter began the quest for the Orb.
     0 | D:1      | Reached XP level 1. HP: 11/11 MP: 3/3
   477 | D:1      | Found a faded altar of an unknown god.
   495 | D:1      | Reached XP level 2. HP: 4/17 MP: 5/5
  1104 | D:1      | Found Ymnam's Weapon Shoppe.
  1332 | D:1      | Reached XP level 3. HP: 21/21 MP: 6/6
  1432 | D:2      | Reached skill level 5 in Stealth
  1561 | D:2      | Found Deapuvu's Antique Weapon Boutique.
  1662 | D:2      | Found an ancient bone altar of Kikubaaqudgha.
  1866 | D:2      | HP: 1/21 [poisoned by an adder]
  1867 | D:2      | Gained mutation: You possess an exceptional clarity of
                  | mind. [potion of mutation]
  1867 | D:2      | Gained mutation: You expend magic power (3 MP) to
                  | strengthen your wands. [potion of mutation]
  1867 | D:2      | Succumbed to an adder's poison

Illustrated notes

Levels and vault maps discovered:
D:1:      dpeg_arrival_line_fractal, layout_loops_ring, serial_shops,
          nicolae_shop_window_shopping, chequers_ecumenical_altar_simple_redux,
          due_unseen_surprise
D:2:      layout_loops_corners, basic_altar, serial_shops, shop

Skill      XL: |  1  2  3 |
---------------+----------+-----
Stealth        | 5 |  5.3
Short Blades   | |  1.2
Dodging        | |  2.1
Spellcasting   | |  2.4
Hexes          | |  3.2

Action                   || total
-------------------------++-------
Melee: Dagger            ||    69
       Constrict         ||    10
       Tentacles         ||    12
  Use: Potion            ||     1
 Stab: Sleeping          ||    13
Armor: Skin              ||     5
Dodge: Dodged            ||    31
